 Dungeon Crawl Stone Soup version 0.22.0-78-g6c94d2c (webtiles) character file.

36 MalarOregon the Insei (level 3, -1/18 HPs)
             Began as a Vine Stalker Transmuter on Sept 16, 2018.
             Slain by a worm (7 damage)
             ... on level 2 of the Dungeon.
             The game lasted 00:01:14 (613 turns).

MalarOregon the Insei (Vine Stalker Transmuter)      Turns: 613, Time: 00:01:15

Health: -1/18      AC:  2    Str: 12    XL:     3   Next: 37%
Magic:  0/8        EV: 12    Int: 14    God:
Gold:   33         SH:  0    Dex: 14    Spells: 6/7 levels left

rFire    + . .     SeeInvis .     - Unarmed
rCold    . . .     Gourm    .   (no shield)
rNeg     . . .     Faith    .   e - +0 robe {rF+}
rPois    .         Spirit   +   (no helmet)
rElec    .         Reflect  .   (no cloak)
rCorr    .         Harm     .   (no gloves)
MR       .....                  (boots currently unavailable)
Stlth    +.........             (no amulet)
HPRegen  0.06/turn              (no ring)
MPRegen  0.11/turn              (no ring)

@: appendage
A: fangs 2, talons 3, magic shield, antimagic bite, no potion heal 3, rot
immunity
a: End Transformation


You were on level 2 of the Dungeon.
You were not hungry.
You had grown temporary talons.
You visited 1 branch of the dungeon, and saw 2 of its levels.

You collected 33 gold pieces.

Inventory:

Missiles
 a - 46 arrows
Armour
 e - a +0 robe of fire resistance (worn)
Scrolls
 f - 6 scrolls of identify {unknown}
 g - a scroll of magic mapping {unknown}
 h - 2 scrolls of immolation {unknown}
 j - a scroll of remove curse {unknown}
 l - a scroll of blinking {unknown}
Potions
 b - a potion of ambrosia {unknown}
 i - a potion of degeneration {unknown}
 k - a potion of curing {unknown}
 m - a potion of lignification {unknown}
Comestibles
 c - 7 chunks of flesh
 d - 4 rations


   Skills:
 + Level 1.2 Fighting
 + Level 1.7 Dodging
 * Level 3.3 Unarmed Combat
 * Level 2.7 Spellcasting
 * Level 2.5 Transmutations


You had 6 spell levels left.
You knew the following spells:

 Your Spells              Type           Power        Failure   Level  Hunger
a - Beastly Appendage     Tmut           #.....       8%          1    #......

Your spell library contained the following spells:

 Spells                   Type           Power        Failure   Level  Hunger
 Sticks to Snakes         Tmut           #.......     12%         2    ###....
 Spider Form              Tmut/Pois      #.........   36%         3    ###....
 Ice Form                 Ice/Tmut       #.......     78%         4    #####..
 Blade Hands              Tmut           #.........   91%         5    ######.


Dungeon Overview and Level Annotations

Branches:
Dungeon (2/15)

Altars:


Innate Abilities, Weirdness & Mutations

You have extremely sharp teeth.
When hurt, damage is shared between your health and your magic reserves.
Your bite disrupts and absorbs the magic of your enemies.
Potions cannot restore your health.
You are immune to rotting.
You have claws for feet.


Message History

The worm bites you!
* * * LOW HITPOINT WARNING * * *
You are too injured to fight recklessly!
You are too injured to fight recklessly!
You are too injured to fight recklessly!
You hit the worm. You claw the worm. You bite the worm, but do no damage.
The worm is moderately wounded.
You hit the worm but do no damage.
The worm is moderately wounded.
The worm bites you.
* * * LOW HITPOINT WARNING * * *
You hit the worm but do no damage. You claw the worm. You punch the worm.
The worm is heavily wounded.
You hit the worm.
The worm is almost dead.
The worm closely misses you.
You hit the worm but do no damage. You claw the worm.
The worm is almost dead.
The worm bites you!
You die...

... ..#+ ##.###. .###.#.
....... ....... .......
....... ....... .r.....
....... ......w####.......
#>@.......... #####........
## #........ .######
########........
.#....######...............
.'....'....'........##+##+#
.#....######........#
.#....# #........+ .#....#
+........#


You could see a worm and a rat.

Vanquished Creatures
  2 dart slugs (D:1)
  A ball python (D:1)
  2 giant cockroaches (D:1)
  5 hobgoblins
  4 jackals (D:1)
  3 kobolds (D:1)
  5 bats (D:1)
  2 frilled lizards (D:1)
  2 goblins
  4 rats
30 creatures vanquished.

Notes
Turn   | Place    | Note
-------+----------+-------------------------------------------
     0 | D:1      | MalarOregon the Vine Stalker Transmuter began the quest for
                  | the Orb.
     0 | D:1      | Reached XP level 1. HP: 9/9 MP: 4/4
    52 | D:1      | Reached skill level 1 in Fighting
    88 | D:1      | Reached XP level 2. HP: 13/14 MP: 4/6
   223 | D:1      | Reached XP level 3. HP: 11/18 MP: 4/7
   613 | D:2      | Slain by a worm

Skill      XL: |  1 |
---------------+----+-----
Fighting       | 1 |  1.2
Dodging        | |  1.7
Unarmed Combat | |  3.3
Spellcasting   | |  2.7
Transmutations | |  2.5

Action                   || total
-------------------------++-------
Melee: Unarmed           ||    88
       Kick              ||    16
       Bite              ||    13
       Punch             ||     3
       Headbutt          ||     1
 Cast: Beastly Appendage ||    13
Armor: Robe              ||    20
Dodge: Dodged            ||    68
